 Dungeon Crawl Stone Soup version 0.29.1-2-gbd0b4ee654 (webtiles) character file.

Game seed: 13240654689188055338

1150 snek11 the Skirmisher (level 8, -3/46 HPs)
             Began as a Deep Elf Hunter on Nov 14, 2022.
             Was an Initiate of Ashenzari.
             Slain by an iguana (5 damage)
             ... on level 5 of the Dungeon.
             The game lasted 00:27:09 (6604 turns).

snek11 the Skirmisher (Deep Elf Hunter)             Turns: 6604, Time: 00:27:09

Health: -3/46      AC:  6    Str:  8    XL:     8   Next: 15%
Magic:  11/16      EV: 14    Int: 15    God:    Ashenzari [......]
Gold:   211        SH:  0    Dex: 20    Spells: 13/15 levels left

rFire   . . .      SeeInvis .   a - +0 shortbow
rCold   . . .      Faith    .   (shield currently unavailable)
rNeg    . . .      Spirit   .   w - +0 robe
rPois   .          Reflect  .   m - +2 hat
rElec   .          Harm     .   G - +0 cloak
rCorr   .          Rampage  .   k - +0 pair of gloves
Will    .....                   (no boots)
Stlth   ++........              q - amulet of the acrobat
HPRegen 0.15/turn               (no ring)
MPRegen 0.15/turn               (no ring)

@: on blink cooldown
A: no striking features
a: Renounce Religion, Curse Item


You were on level 5 of the Dungeon.
You worshipped Ashenzari.
Ashenzari was noncommittal.
You visited 2 branches of the dungeon, and saw 7 of its levels.

You collected 211 gold pieces.

Inventory:

Hand Weapons
 a - a +0 shortbow (weapon)
 l - a -2 dagger
 v - a +1 vorpal hand axe
 z - a +0 hand axe
 C - a +1 hand axe of venom
 H - a +2 quarterstaff of chaos
Missiles
 F - 5 curare-tipped darts
Armour
 c - a +0 leather armour
 e - a +0 ring mail
 k - a +0 pair of gloves (worn)
 m - a +2 hat (worn)
 p - a +0 robe
 w - a +0 robe (worn)
 G - a +0 cloak (worn)
Jewellery
 q - an amulet of the acrobat (around neck)
Wands
 x - a wand of mindburst (17)
 y - a wand of quicksilver (3)
 E - a wand of flame (19)
Scrolls
 b - a scroll of immolation
 f - a scroll of blinking {unknown}
 g - 5 scrolls of identify {unknown}
 i - 3 scrolls of teleportation {unknown}
 j - 2 scrolls of enchant armour {unknown}
 n - 4 scrolls of noise {unknown}
 r - 3 scrolls of poison {unknown}
 s - 3 scrolls of enchant weapon {unknown}
 t - a scroll of fear {unknown}
 u - a scroll of butterflies {unknown}
 B - a scroll of vulnerability {unknown}
 D - a scroll of amnesia {unknown}
Potions
 d - 2 potions of curing {unknown}
 h - a potion of heal wounds {unknown}
 o - 3 potions of brilliance {unknown}
 A - 2 potions of flight {unknown}


   Skills:
 + Level 3.1 Fighting
 + Level 11.2 Ranged Weapons
 + Level 0.9 Armour
 + Level 3.6 Dodging
 + Level 2.1 Stealth
 * Level 4.2 Spellcasting
 + Level 0.9 Translocations
 + Level 0.4 Evocations


You had 13 spell levels left.
You knew the following spells:

 Your Spells              Type           Power      Damage    Failure   Level
a - Blink                 Tloc           12%        N/A       19%         2

Your spell library contained the following spells:

 Spells                   Type           Power      Damage    Failure   Level
 Magic Dart               Conj           12%        1d3       19%         1
 Sting                    Tmut/Pois      12%        1d3       19%         1
 Poisonous Vapours        Pois/Air       6%         N/A       26%         2
 Searing Ray              Conj           6%         2d4       26%         2
 Sublimation of Blood     Necr           3%         N/A       26%         2
 Wereblood                Tmut           3%         N/A       26%         2
 Lesser Beckoning         Tloc           6%         N/A       34%         3
 Fulminant Prism          Conj/Hex       1%         3d6       87%         4
 Olgreb's Toxic Radiance  Pois           3%         N/A       87%         4
 Manifold Assault         Tloc           6%         N/A       97%         5
 Summon Hydra             Summ           1%         N/A       100%        7


Dungeon Overview and Level Annotations

Branches:
Dungeon (6/15)             Temple (1/1) D:4

Altars:
Ashenzari
Cheibriados
Dithmenos
Fedhas
Gozag
Hepliaklqana
Kikubaaqudgha
Makhleb
Nemelex Xobeh
Okawaru
Qazlal
Ru
Sif Muna
Uskayaw
Vehumet
Xom
Yredelemnul
Zin
The Shining One

Shops:
D:4 [


Message History

The orc wizard attacks as you move away!
The orc wizard completely misses you.
You feel stable enough to blink again. The ufetubus closely misses you. x2
There is a stone staircase leading down here.
The ufetubus misses you. The ufetubus closely misses you.
The ufetubus hits you but does no damage.
The ufetubus hits you.
* * * LOW HITPOINT WARNING * * *
You climb downwards.
Found a coppery potion.
There is a stone staircase leading up here.
Unknown command.
The orc wizard shouts!
The orc priest shouts!
The ufetubus misses you. The ufetubus hits you.
* * * LOW HITPOINT WARNING * * *
The orc wizard mumbles some strange words.
The orc wizard flickers and vanishes!
Deactivating autopickup; reactivate with Ctrl-A.
You climb upwards.
Reactivating autopickup.
Ashenzari invites you to partake of a vision and a curse of beguiling and elements.
There is a stone staircase leading down here.
Casting: Blink (safe; 19% risk of failure)
Confirm with . or Enter, or press ? or * to list all spells.
You blink.
Found a rapier.
The ufetubus barely misses you. The ufetubus hits you.
* * * LOW HITPOINT WARNING * * *
Found an escape hatch in the ceiling.
The ufetubus completely misses you. x2
The ufetubus attacks as you move away! The ufetubus barely misses you.
The ufetubus hits you.
* * * LOW HITPOINT WARNING * * *
The phantom hits you but does no damage.
The phantom attacks as you move away! The phantom misses you.
You feel stable enough to blink again. The ufetubus completely misses you. x2
Casting: Blink (safe; 19% risk of failure)
Confirm with . or Enter, or press ? or * to list all spells.
You blink.
The iguana bites you.
You die...

#.#.### .. #)#...
....###.#.#
..<....ยง.5#
..###..oW.####
#....oY..# ##
#........+ ..
###+#5o..###.#
....O.l@>..#
##.#..#5.#### ###
#.##.#..# #.#<#
#.#.<#.## #.#.###
#.#....# #.....##
#...$..#
.#####.###....#.....#
##...##..#....#####.#
#...?o#.......#


You could see an ice beast, an ogre, a phantom, an iguana, an orc wizard, 2
white imps, 2 orcs and an ufetubus.

Vanquished Creatures
  Sigmund (D:3)
  A phantom (D:4)
  5 scorpions
  A necrophage (D:3)
  2 hounds
  3 orc priests
  Crazy Yiuf (D:4)
  3 orc wizards (D:3)
  3 iguanas (D:4)
  Natasha (D:2)
  10 adders
  An ufetubus (D:4)
  4 worms
  4 dart slugs
  11 orcs
  7 ball pythons
  11 endoplasms
  2 giant cockroaches
  5 goblins
  5 hobgoblins
  4 jackals (D:1)
  8 bats
  7 frilled lizards
  8 kobolds
  6 rats
114 creatures vanquished.

Vanquished Creatures (others)
  18 fungi (D:4)
18 creatures vanquished.

Grand Total: 132 creatures vanquished

Notes
Turn   | Place    | Note
-------+----------+-------------------------------------------
     0 | D:1      | snek11 the Deep Elf Hunter began the quest for the Orb.
     0 | D:1      | Reached XP level 1. HP: 12/12 MP: 3/3
   162 | D:1      | Reached XP level 2. HP: 16/16 MP: 4/4
   503 | D:1      | Reached skill level 6 in Ranged Weapons
   632 | D:1      | Reached XP level 3. HP: 21/21 MP: 5/5
   893 | D:2      | Found a faded altar of an unknown god.
   999 | D:2      | Learned a level 2 spell: Blink
  1179 | D:2      | Reached skill level 7 in Ranged Weapons
  1179 | D:2      | Reached XP level 4. HP: 19/26 MP: 6/6
  1661 | D:2      | Reached skill level 1 in Spellcasting
  1811 | D:2      | Noticed Natasha
  1814 | D:2      | Killed Natasha
  1825 | D:2      | Found a snail-covered altar of Cheibriados.
  2154 | D:3      | Found a glowing silver altar of Zin.
  2224 | D:3      | Noticed Sigmund
  2267 | D:3      | Killed Sigmund
  2268 | D:3      | Reached skill level 8 in Ranged Weapons
  2268 | D:3      | Reached XP level 5. HP: 21/30 MP: 7/10
  2268 | D:3      | Reached XP level 6. HP: 25/35 MP: 7/11
  2551 | D:3      | Found a sacrificial altar of Ru.
  3067 | D:3      | Found a shimmering blue altar of Sif Muna.
  3083 | D:3      | Reached skill level 9 in Ranged Weapons
  3979 | D:4      | Found a staircase to the Ecumenical Temple.
  3997 | Temple   | Entered the Ecumenical Temple
  4101 | Temple   | Became a worshipper of Ashenzari the Shackled
  4142 | D:4      | Reached XP level 7. HP: 24/40 MP: 13/13
  4145 | D:4      | HP: 2/40 [orc priest/nerve-wracking pain (7)]
  4713 | D:3      | Reached skill level 10 in Ranged Weapons
  5045 | D:4      | Found an ancient bone altar of Kikubaaqudgha.
  5276 | D:4      | Found Voiliwot's Antique Armour Boutique.
  5310 | D:4      | Found a runed translucent door.
  5311 | D:4      | Noticed Crazy Yiuf
  5821 | D:3      | Reached XP level 8. HP: 45/46 MP: 16/16
  5929 | D:3      | Reached skill level 11 in Ranged Weapons
  6220 | D:4      | Killed Crazy Yiuf
  6530 | D:5      | Entered Level 5 of the Dungeon
  6602 | D:5      | HP: 2/46 [ufetubus (4)]
  6604 | D:5      | Slain by an iguana

Illustrated notes

Levels and vault maps discovered:
D:1:      dpeg_arrival_long_road, layout_loops_cross, minmay_pentomino_x2
D:2:      layout_basic, ebering_ecumenical_altar_rust, basic_altar,
          hangedman_decor_clover_reticule, uniq_natasha
D:3:      layout_loops_ring, nicolae_ru_the_path_less_chosen,
          kennysheep_orc_sif_temple, general_overflow_altar,
          minmay_increasing_density, uniq_sigmund
D:4:      old_forge, layout_rooms, kiku_gazebo_pond_becter,
          minmay_temple_entry_statues_fountains, serial_shops,
          nicolae_take_the_stairs, minmay_unequal, uniq_crazy_yiuf_cottage
D:5:      layout_basic, mainiacjoe_overflow_six_doors_small, serial_shops, shop,
          shop, shop, nicolae_shop_statue_plus, corexii_corridor_pit,
          minmay_joined_circles
D:6:      layout_gridville, ebering_ghost_xom, kennysheep_cross_room,
          minmay_lizard_king, uniq_edmund
Temple:   nicolae_temple_two_arcs

Skill      XL: |  1  2  3  4  5  6  7  8 |
---------------+-------------------------+-----
Ranged Weapons | 6 7 8 9 10 11 | 11.2
Spellcasting   | 2 4 |  4.2
Fighting       | 2 3 |  3.1
Dodging        | 3 |  3.6
Stealth        | 2 |  2.1
Armour         | |  0.9
Translocations | |  0.9
Evocations     | |  0.4

Action                   |  1- 3 |  4- 6 |  7- 9 || total
-------------------------+-------+-------+-------++-------
 Fire: Shortbow          |    84 |   147 |   133 ||   364
 Cast: Blink             |       |     3 |     8 ||    11
Evoke: Wand              |       |       |     7 ||     7
Armor: Leather armour    |     6 |     5 |       ||    11
       Robe              |       |    15 |    18 ||    33
Dodge: Dodged            |    13 |    34 |   126 ||   173
